 Dungeon Crawl Stone Soup version 0.27.1-4-g1640c2035a (webtiles) character file.

Game seed: 5604481464158664021

5333 Jabberih the Spear-Bearer (level 10, 0/74 HPs)
             Began as a Merfolk Ice Elementalist on Nov 8, 2021.
             Was a Follower of Vehumet.
             Slain by a six-headed hydra (6 damage)
             ... on level 1 of the Lair of Beasts.
             The game lasted 00:43:45 (15408 turns).

Jabberih the Spear-Bearer (MfIE)                   Turns: 15408, Time: 00:43:45

Health: 0/74       AC: 10    Str: 11    XL:     10   Next: 64%
Magic:  8/17       EV: 13    Int: 14    God:    Vehumet [*.....]
Gold:   370        SH:  5    Dex: 14    Spells: 5/19 levels left

rFire    . . .     SeeInvis .   u - +4 spear (freeze)
rCold    . . .     Faith    .   (no shield)
rNeg     . . .     Spirit   .   g - +0 ring mail
rPois    .         Reflect  +   f - +1 helmet
rElec    .         Harm     .   (no cloak)
rCorr    .         Rampage  .   (no gloves)
Will     .....                  d - +2 pair of boots
Stlth    +.........             r - amulet of reflection
HPRegen  0.22/turn              (no ring)
MPRegen  0.15/turn              (no ring)

@: no status effects
A: (nimble swimmer 2), mertail, dopey 1, mutation resistance 1
a: Renounce Religion


You were on level 1 of the Lair of Beasts.
You worshipped Vehumet.
Vehumet was aware of your devotion.
You visited 3 branches of the dungeon, and saw 10 of its levels.
You also visited: Sewer.

You collected 370 gold pieces.

Inventory:

Hand Weapons
 c - a +0 dagger
 i - a +0 spear
 u - a +4 spear of freezing (weapon)
 y - a +0 trident
Missiles
 h - 46 poisoned darts (quivered)
 s - a curare-tipped dart
Armour
 d - a +2 pair of boots (worn)
 f - a +1 helmet (worn)
 g - a +0 ring mail (worn)
 w - a +0 kite shield
Jewellery
 r - an amulet of reflection (around neck)
 x - an amulet of magic regeneration
Wands
 n - a wand of flame (16)
Scrolls
 b - 2 scrolls of vulnerability
 o - a scroll of silence
 t - 4 scrolls of magic mapping
 v - 5 scrolls of identify
Potions
 a - a potion of flight
 e - 2 potions of curing
 j - 2 potions of cancellation
 k - a potion of resistance
 l - a potion of invisibility
 m - a potion of heal wounds {unknown}
 p - a potion of attraction
 z - 2 potions of brilliance


   Skills:
 + Level 5.4 Fighting
 - Level 12.0 Polearms
 + Level 7.2 Dodging
 - Level 2.1 Stealth
 - Level 5.0 Spellcasting
 + Level 0.0 Conjurations
 - Level 3.0 Summonings
 + Level 10.5 Ice Magic


You had 5 spell levels left.
You knew the following spells:

 Your Spells              Type           Power      Damage    Failure   Level
a - Summon Ice Beast      Ice/Summ       22%        N/A       26%         4
b - Frozen Ramparts       Ice            64%        1d8       1%          3
c - Ozocubu's Armour      Ice            32%        N/A       1%          3
d - Hailstorm             Conj/Ice       18%        3d6       43%         4

Your spell library contained the following spells:

 Spells                   Type           Power      Damage    Failure   Level
 Shock                    Conj/Air       12%        1d3       38%         1
 Freeze                   Ice            100%       1d11      1%          1
 Foxfire                  Conj/Fire      12%        2x1d4     38%         1
 Conjure Flame            Conj/Fire      3%         6-21      77%         3
 Gell's Gravitas          Tloc           1%         N/A       77%         3
 Inner Flame              Hex/Fire       3%         N/A       77%         3
 Teleport Other           Tloc           3%         N/A       77%         3
 Summon Mana Viper        Hex/Summ       7%         N/A       99%         5
 Dispersal                Tloc           1%         N/A       100%        6
 Monstrous Menagerie      Summ           5%         N/A       100%        7


Dungeon Overview and Level Annotations

Branches:
Dungeon (8/15)             Temple (1/1) D:5            Lair (1/6) D:8
  Sewer (visited)

Altars:
Cheibriados
Dithmenos
Elyvilon
Gozag
Hepliaklqana
Kikubaaqudgha
Makhleb
Nemelex Xobeh
Ru
Sif Muna
Trog
Uskayaw
Vehumet
Zin
The Shining One


Innate Abilities, Weirdness & Mutations

((You are quick and stealthy near water. (Stealth+, EV+, Speed+++)))
Your lower body shifts to a powerful aquatic tail in water.
You are dopey. (Int -2)
You are somewhat resistant to further mutation.


Message History

As you read the scroll of fear, it crumbles to dust.
You assume a fearsome visage.
The nameless horror is unaffected.
The fungus is unaffected. x2; The basilisk looks frightened!
The six-headed hydra looks frightened!
The wall freezes the six-headed hydra.
Your attack snaps the six-headed hydra out of its fear.
You block the six-headed hydra's attack.
The six-headed hydra bites you!
* * * LOW HITPOINT WARNING * * *
The six-headed hydra bites you!
* * * LOW HITPOINT WARNING * * *
The six-headed hydra bites you but does no damage.
The six-headed hydra misses you.
The six-headed hydra bites you but does no damage.
The wall freezes the basilisk.
Your attack snaps the basilisk out of its fear.
The basilisk seems to slow down.
Okay, then.
Your frozen ramparts will break if you move.
Continue?
Okay, then.
Okay, then.
Okay, then.
Your frozen ramparts will break if you move.
Continue?
The frozen ramparts melt away as you move.
Okay, then.
Unknown command.
Okay, then.
Okay, then.
Okay, then.
Okay, then.
Your magical contamination has completely faded away.
The basilisk is no longer moving slowly.
Casting: Summon Ice Beast (dangerous; 26% risk of failure)
Confirm with . or Enter, or press ? or * to list all spells.
A chill wind blows around you.
The six-headed hydra closely misses you.
You block the six-headed hydra's attack.
The six-headed hydra bites you.
* * * LOW HITPOINT WARNING * * *
The six-headed hydra bites you.
You die...

########
#......#
##...[..#
#Y......#
##.@....##
#.D.....#
#.X....##
#......#
#......#
#l.....#
#......#
#......#
#......#


You could see a six-headed hydra (ally target), a nameless horror, a basilisk
and a friendly ice beast (summoned).

Vanquished Creatures
  An ugly thing (D:7)
  A black mamba (Lair:1)
  A troll (D:7)
  4 blink frogs (Lair:1)
  Grinder (D:6)
  Sigmund (D:2)
  A basilisk (Lair:1)
  A wyvern (D:8)
  Menkaure (D:6)
  An acid dragon (D:8)
  2 water moccasins
  An ice beast (D:5)
  A sky beast (D:5)
  2 ogres
  2 centaurs
  A phantom (D:6)
  4 kobold brigands (Sewer)
  3 bullfrogs
  A scorpion (D:4)
  2 water moccasin zombies
  A howler monkey (D:5)
  8 wights
  3 centaur zombies
  5 hounds
  A jelly (D:6)
  An orc priest (D:7)
  A centaur skeleton (D:4)
  2 bullfrog skeletons
  6 orc wizards
  A hound skeleton (D:4)
  A gnoll (D:2)
  13 adders
  5 river rats (Sewer)
  A shadow imp (D:7)
  A white imp (D:6)
  2 ufetubi
  4 adder skeletons
  2 worms
  A dart slug (D:2)
  34 orcs
  5 bats
  11 endoplasms
  4 giant cockroaches
  12 goblins
  5 hobgoblins
  3 jackals
  10 kobolds
  6 quokkas
  11 ball pythons
  2 frilled lizards (D:2)
  A jackal skeleton (D:4)
  4 rats
199 creatures vanquished.

Vanquished Creatures (collateral kills)
  A wight (D:5)
1 creature vanquished.

Vanquished Creatures (others)
  An orc wizard (D:7)
  2 plants
3 creatures vanquished.

Grand Total: 203 creatures vanquished

Notes
Turn   | Place    | Note
-------+----------+-------------------------------------------
     0 | D:1      | Jabberih the Merfolk Ice Elementalist began the quest for
                  | the Orb.
     0 | D:1      | Reached XP level 1. HP: 13/13 MP: 3/3
   475 | D:1      | Reached XP level 2. HP: 19/19 MP: 3/5
   528 | D:1      | Reached skill level 5 in Ice Magic
   765 | D:1      | Reached skill level 1 in Polearms
  1069 | D:2      | Reached XP level 3. HP: 24/24 MP: 4/6
  1170 | D:2      | Found a faded altar of an unknown god.
  1414 | D:2      | Reached skill level 2 in Polearms
  1677 | D:2      | Reached skill level 3 in Polearms
  1677 | D:2      | Reached XP level 4. HP: 15/30 MP: 1/7
  2088 | D:2      | Noticed Sigmund
  2383 | D:1      | Learned a level 3 spell: Frozen Ramparts
  2387 | D:1      | Learned a level 3 spell: Ozocubu's Armour
  2394 | D:2      | Gained mutation: You are somewhat resistant to further
                  | mutation. [potion of mutation]
  2394 | D:2      | Gained mutation: You are dopey. (Int -2) [potion of
                  | mutation]
  2409 | D:2      | Killed Sigmund
  2410 | D:2      | Reached skill level 5 in Polearms
  2410 | D:2      | Reached XP level 5. HP: 30/35 MP: 1/8
  2410 | D:2      | Reached XP level 6. HP: 35/41 MP: 1/9
  3110 | D:3      | Found a white marble altar of Elyvilon.
  3595 | D:4      | Reached skill level 6 in Polearms
  3656 | D:4      | Found a shimmering blue altar of Sif Muna.
  4069 | D:4      | Reached XP level 7. HP: 46/46 MP: 6/10
  4300 | D:4      | Reached skill level 7 in Polearms
  4881 | D:5      | Entered Level 5 of the Dungeon
  5441 | D:5      | Reached skill level 8 in Polearms
  5505 | D:5      | Found a glowing drain.
  5509 | Sewer    | Entered a sewer
  6067 | Sewer    | Reached XP level 8. HP: 44/52 MP: 0/11
  6584 | Sewer    | Reached skill level 9 in Polearms
  7049 | D:5      | Found a staircase to the Ecumenical Temple.
  7570 | Temple   | Entered the Ecumenical Temple
  7586 | Temple   | Became a worshipper of Vehumet
  8123 | D:6      | Noticed Menkaure
  8137 | D:6      | Killed Menkaure
  8138 | D:6      | Reached skill level 10 in Polearms
  8682 | D:6      | Noticed Grinder
  8701 | D:7      | Found an opulent altar of Gozag.
  8805 | D:7      | HP: 1/52 [orc wizard/puff of flame (8)]
  8830 | D:7      | Reached * piety under Vehumet
  8830 | D:7      | Offered knowledge of Shock by Vehumet.
  9441 | D:7      | Reached XP level 9. HP: 45/57 MP: 4/12
  9536 | D:7      | Noticed a troll
  9549 | D:7      | Killed a troll
  9550 | D:7      | Reached skill level 1 in Fighting
  9550 | D:7      | Reached skill level 10 in Ice Magic
  9551 | D:7      | Reached skill level 11 in Polearms
 10538 | D:7      | Learned a level 4 spell: Summon Ice Beast
 10573 | D:8      | Found a staircase to the Lair.
 10872 | D:6      | Reached skill level 1 in Summonings
 12566 | D:6      | Killed Grinder
 12993 | D:3      | Reached skill level 12 in Polearms
 13551 | D:8      | Reached XP level 10. HP: 63/70 MP: 8/16
 13766 | D:8      | Reached skill level 5 in Dodging
 13950 | D:8      | Noticed a cyan ugly thing
 13951 | D:8      | Noticed a brown ugly thing
 14004 | D:7      | Killed a brown ugly thing
 14583 | Lair:1   | Entered Level 1 of the Lair of Beasts
 14587 | Lair:1   | Noticed a black mamba
 14606 | Lair:1   | Killed a black mamba
 14607 | Lair:1   | Reached skill level 5 in Spellcasting
 14908 | Lair:1   | Reached skill level 5 in Fighting
 15183 | Lair:1   | Learned a level 4 spell: Hailstorm
 15384 | Lair:1   | Noticed a six-headed hydra
 15408 | Lair:1   | Slain by a six-headed hydra

Illustrated notes

Levels and vault maps discovered:
D:1:      dpeg_arrival_short_road, layout_basic, minmay_tetromino_s2
D:2:      layout_loops_ring, basic_ecumenical_altar, minmay_divided_ellipse,
          uniq_sigmund
D:3:      layout_basic, nicolae_elyvilon_temple_path
D:4:      layout_gridville, kennysheep_mini_moat, nzn_random_ring
D:5:      kennysheep_six_static_rooms, layout_gridville,
          minmay_temple_entry_statues_fountains, gup_sewer_entry_bowl
D:6:      layout_loops_ring, grunt_decor_fettered, uniq_menkaure, uniq_grinder
D:7:      layout_loops_ring, mainiacjoe_overflow_boulevard
D:8:      cheibrodos_fzero, layout_rooms, dpeg_oklobed_lair,
          minmay_misc_feat_room
Temple:   eino_wide_crystal_templ
Lair:1:   layout_big_grid, nicolae_quartered_pool_super,
          minmay_lair_oklob_chamber

Skill      XL: |  1  2  3  4  5  6  7  8  9 10 |
---------------+-------------------------------+-----
Ice Magic      | 5 6 7 8 9 10 | 10.5
Polearms       | 1 3 5 6 8 10 12 | 12.0
Fighting       | 3 5 |  5.4
Dodging        | 4 7 |  7.2
Summonings     | 3 |  3.0
Spellcasting   | 4 5 |  5.0
Stealth        | |  2.1

Action                   |  1- 3 |  4- 6 |  7- 9 | 10-12 || total
-------------------------+-------+-------+-------+-------++-------
Melee: Spear             |    22 |    70 |   488 |    72 ||   652
       Tailslap          |       |     1 |     2 |       ||     3
Throw: Dart              |       |       |     1 |     7 ||     8
 Cast: Freeze            |    50 |    11 |     4 |       ||    65
       Frozen Ramparts   |       |    12 |    67 |    13 ||    92
       Ozocubu's Armour  |       |     5 |    31 |     7 ||    43
       Summon Ice Beast  |       |       |     3 |     1 ||     4
Evoke: Wand              |       |       |     7 |     9 ||    16
  Use: Potion            |       |     2 |     7 |       ||     9
       Scroll            |       |     2 |    14 |     3 ||    19
 Stab: Invisible         |       |     2 |       |       ||     2
       Sleeping          |       |       |     2 |       ||     2
Armor: Ring mail         |    26 |    28 |   194 |    24 ||   272
Dodge: Dodged            |    29 |    40 |   220 |    42 ||   331
Block: Other             |       |       |       |     3 ||     3
